 Dungeon Crawl Stone Soup version 0.27.1-34-g3ba077fa99 (webtiles) character file.

Game seed: 7377447123439503145

326 pkoi the Conjurer (level 6, 0/45 HPs)
             Began as a Draconian Conjurer on Jan 27, 2022.
             Was an Initiate of Vehumet.
             Slain by a black bear (6 damage)
             ... on level 4 of the Dungeon.
             The game lasted 00:06:03 (3774 turns).

pkoi the Conjurer (Draconian Conjurer)              Turns: 3774, Time: 00:06:04

Health: 0/45       AC:  6    Str:  9    XL:     6   Next: 24%
Magic:  1/11       EV: 12    Int: 20    God:    Vehumet [......]
Gold:   197        SH:  0    Dex: 10    Spells: 9/12 levels left

rFire    . . .     SeeInvis .   c - +0 dagger
rCold    . . .     Faith    .   (no shield)
rNeg     . . .     Spirit   .   (armour unavailable)
rPois    .         Reflect  .   (helmet restricted)
rElec    .         Harm     .   (no cloak)
rCorr    .         Rampage  .   (no gloves)
Will     .....                  (no boots)
Stlth    ++........             (no amulet)
HPRegen  0.15/turn              (no ring)
MPRegen  0.12/turn              (no ring)

@: no status effects
A: AC +6, unfitting armour, cold-blooded
a: Renounce Religion


You were on level 4 of the Dungeon.
You worshipped Vehumet.
Vehumet was noncommittal.
You visited 1 branch of the dungeon, and saw 4 of its levels.

You collected 197 gold pieces.

Inventory:

Hand Weapons
 c - a +0 dagger (weapon)
Magical Staves
 i - a staff of air
Wands
 m - a wand of polymorph (7)
Scrolls
 a - 2 scrolls of noise {unknown}
 d - 4 scrolls of identify {unknown}
 e - a scroll of enchant weapon {unknown}
 f - a scroll of fear {unknown}
 g - 2 scrolls of teleportation {unknown}
 h - a scroll of immolation {unknown}
 k - a scroll of magic mapping {unknown}
 o - a scroll of blinking {unknown}
Potions
 b - 3 potions of heal wounds {unknown}
 j - a potion of magic {unknown}
 l - a potion of curing {unknown}
 n - a potion of lignification {unknown}


   Skills:
 - Level 1.7 Dodging
 - Level 1.7 Stealth
 + Level 3.8 Spellcasting
 * Level 6.6 Conjurations


You had 9 spell levels left.
You knew the following spells:

 Your Spells              Type           Power      Damage    Failure   Level
a - Magic Dart            Conj           100%       1d8       1%          1
b - Searing Ray           Conj           60%        3d5       1%          2

Your spell library contained the following spells:

 Spells                   Type           Power      Damage    Failure   Level
 Dazzling Flash           Conj/Hex       34%        N/A       10%         3
 Freeze                   Ice            12%        1d4       13%         1
 Fulminant Prism          Conj/Hex       8%         3d7       32%         4
 Hailstorm                Conj/Ice       17%        3d6       32%         4
 Iskenderun's Mystic Bla  Conj/Tloc      17%        2d5       32%         4
 Frozen Ramparts          Ice            6%         1d2       36%         3


Dungeon Overview and Level Annotations

Branches:
Dungeon (4/15)
 Temple: D:4-7

Altars:
Vehumet

Annotations:
D:4 Grinder


Innate Abilities, Weirdness & Mutations

Your plain brown scales are hard. (AC +6)
You cannot fit into any form of body armour.
You are cold-blooded and may be slowed by cold attacks.


Message History

The black bear claws you. Grinder hits you!
The searing ray hits the black bear.
The black bear is heavily wounded.
The black bear barely misses you. x2
The black bear claws you but does no damage.
Grinder hits you.
You writhe in agony.
* * * LOW HITPOINT WARNING * * *
The searing ray hits the black bear.
The black bear is severely wounded.
You finish channeling your searing ray.
The black bear goes berserk!
Grinder hits you.
* * * LOW HITPOINT WARNING * * *
You writhe in agony.
* * * LOW HITPOINT WARNING * * *
The black bear bites you.
* * * LOW HITPOINT WARNING * * *
The black bear barely misses you. The black bear closely misses you.
Grinder blinks!
There is an escape hatch in the ceiling here.
Casting: Searing Ray (safe; 1% risk of failure)
Confirm with . or Enter, or press ? or * to list all spells.
Aiming: Searing Ray (safe; 1% risk of failure)
Press: ? - help, Shift-Dir - straight line, f - Grinder
Aim: Grinder (lightly wounded, 77% to hit)
The searing ray misses Grinder. (Press . to maintain the ray.)
The black bear bites you but does no damage.
The black bear claws you but does no damage. x2
The black bear closely misses you. The black bear barely misses you.
The black bear claws you but does no damage.
The searing ray hits Grinder!
Grinder is heavily wounded.
Grinder hits you.
* * * LOW HITPOINT WARNING * * *
The black bear misses you. The black bear claws you.
* * * LOW HITPOINT WARNING * * *
The black bear claws you but does no damage.
The black bear rages.
Grinder barely misses you. The black bear misses you. The black bear claws you.
You die...

###.### # #.# # #######.## #
#......†.# # #......>.######
#.............# .
#.............# ...
#.............#
.....#####h@(.....##########
.$........5.................
##>..............(..........
#.#############.###########
############# #.#
#...........## ##.######
#...(........## #..)....#
#......#.#....######.......#
#....#.....#...............#


You could see Grinder and a black bear (berserk).

Vanquished Creatures
  Menkaure (D:4)
  A scorpion (D:4)
  Ijyb (D:4)
  An orc wizard (D:3)
  Robin (D:3)
  A worm (D:3)
  2 dart slugs
  6 orcs (D:3)
  3 ball pythons
  8 bats
  7 endoplasms
  4 giant cockroaches
  14 goblins
  6 hobgoblins
  6 kobolds
  A quokka (D:1)
  3 frilled lizards
  7 rats
73 creatures vanquished.

Notes
Turn   | Place    | Note
-------+----------+-------------------------------------------
     0 | D:1      | pkoi the Draconian Conjurer began the quest for the Orb.
     0 | D:1      | Reached XP level 1. HP: 14/14 MP: 3/3
    98 | D:1      | Found a faded altar of an unknown god.
   325 | D:1      | Reached XP level 2. HP: 20/20 MP: 0/5
   609 | D:1      | Learned a level 2 spell: Searing Ray
  1236 | D:2      | Reached XP level 3. HP: 26/26 MP: 3/6
  1706 | D:3      | Reached skill level 5 in Conjurations
  1814 | D:3      | Reached XP level 4. HP: 33/33 MP: 5/8
  2704 | D:3      | Noticed Robin
  2729 | D:3      | Killed Robin
  3223 | D:4      | Noticed Menkaure
  3247 | D:4      | Killed Menkaure
  3248 | D:4      | Reached skill level 6 in Conjurations
  3248 | D:4      | Reached XP level 5. HP: 22/38 MP: 4/10
  3255 | D:4      | Noticed Ijyb
  3544 | D:4      | Killed Ijyb
  3545 | D:4      | Reached XP level 6. HP: 42/45 MP: 5/11
  3667 | D:4      | Found a radiant altar of Vehumet.
  3699 | D:4      | Became a worshipper of Vehumet
  3758 | D:4      | Noticed Grinder
  3761 | D:4      | Paralysed by Grinder for 4 turns
  3774 | D:4      | Slain by a black bear

Illustrated notes

Levels and vault maps discovered:
D:1:      dpeg_arrival_ratfight, layout_loops_cross,
          shapermc_ecumenical_altar_notcrosses
D:2:      layout_rooms
D:3:      layout_basic, kennysheep_potato, uniq_robin
D:4:      layout_basic, nicolae_vehumet_radiance, uniq_grinder, uniq_menkaure,
          uniq_ijyb

Skill      XL: |  1  2  3  4 |
---------------+-------------+-----
Conjurations   | 5 6 |  6.6
Spellcasting   | 3 |  3.8
Dodging        | |  1.7
Stealth        | |  1.7

Action                   |  1- 3 |  4- 6 || total
-------------------------+-------+-------++-------
Melee: Club              |     8 |       ||     8
       Dagger            |     7 |    12 ||    19
 Cast: Magic Dart        |    65 |    61 ||   126
       Searing Ray       |     1 |     8 ||     9
Armor: Skin              |     3 |    13 ||    16
Dodge: Dodged            |    11 |    23 ||    34
